 BcadrenCrawl: Boulder Brew version 0.03.2.1-65-gee0f953b08 (webtiles) character file.

Game seed: 7772715389131558709, levelgen mode: deterministic

106146 esc the Disciplinarian (level 16, -1/108 HPs) Gargoyle Noble. Began on Feb 11, 2021. Was a Priest of Uskayaw. Killed by a mummy priest's death curse (28 damage) ... on level 1 of the Spider Nest. The game lasted 00:45:28 (14457 turns).

esc the Disciplinarian (Gargoyle Noble)            Turns: 14457, Time: 00:45:29

Health: -1/108     AC: 44    Str: 18    XL:     16 ^: 48256
Magic:  17/17      EV: 10    Int: 11    God:    Uskayaw [3* [75]]
Gold:   1091       SH:  8    Dex: 14    Spells: 17/17 levels left

rFire    . . .     Vision   .   c - +7 demon whip (molten)
rCold    . . .     Gourm    .   d - +0 nunchaku (freeze)
rNeg     + . .     Faith    .   S - +3 chain mail of the Pink Corner {+Inv rCorr}
rPois    ∞         Spirit   .   j - +0 helmet
rElec    +         Reflect  .   e - +0 cloak
rCorr    +         Harm     .   P - +0 pair of gloves
MR       +....                  w - +2 pair of boots
Stlth    ..........             u - amulet of regeneration
HPRegen  0.86/turn              I - ring of protection
MPRegen  0.27/turn              x - ring of protection (curse) {(Curse: Int-2)}

@: lightly drained
A: big wings, negative energy resistance 1, electricity resistance, unbreathing,
petrification resistance, rot immunity, AC +12
}: 1/15 runes: abyssal
a: Fly, Stomp, Line Pass, Renounce Religion, Evoke Invisibility


You were on level 1 of the Spider Nest.
You worshipped Uskayaw.
Uskayaw was noncommittal.
You were not hungry.

You visited 5 branches of the dungeon, and saw 16 of its levels.
You visited the Abyss 1 time.
You also visited: Market.

You collected 2239 gold pieces.
You spent 2148 gold pieces at shops.

Inventory:

Weapons
 c - a +7 demon whip of molten steel (weapon) Shields
 d - a +0 nunchaku of freezing (weapon)
Armour
 e - a +0 cloak (worn)
 j - a +0 helmet (worn)
 w - a +2 pair of boots (worn)
 B - a +0 plate armour
 P - a +0 pair of gloves (worn)
 S - the +3 chain mail of the Pink Corner (worn) {+Inv rCorr}
   (You bought it in a shop on level 2 of the Orcish Mines)

   It lets you turn invisible.
   It provides partial protection from all sources of acid and corrosion.
Jewellery
 a - a cursed ring of slaying {(Curse: rC-)}
 r - an uncursed ring of protection from magic
 u - an amulet of regeneration (around neck)
 x - a cursed ring of protection (right hand) {(Curse: Int-2)}
 D - an uncursed ring of resist corrosion
 I - a ring of protection (left hand)
 N - an uncursed ring of evasion
 R - an uncursed amulet of reflection
Wands
 k - a wand of polymorph
 v - a wand of ensnaring (4)
 y - a wand of acid (2)
 C - a wand of enslavement (18)
 F - a wand of flame (52)
 H - a wand of clouds (6)
 K - a wand of iceblast (2)
 M - a wand of disintegration (9)
Scrolls
 i - 12 scrolls of teleportation
 l - 4 scrolls of blinking
 q - 5 scrolls of magic mapping
 t - 2 scrolls of amnesia
 E - 6 scrolls of fear
 J - 4 scrolls of fog
 O - 3 scrolls of holy word
 T - a scroll of silence
Potions
 f - a potion of agility
 g - 4 potions of cancellation
 h - 6 potions of heal wounds
 m - 6 potions of lignification
 n - 2 potions of berserk rage
 o - 2 potions of brilliance
 p - a potion of resistance
 s - 9 potions of curing
 z - 2 potions of invisibility
 A - 2 potions of haste
 L - a potion of ambrosia
 U - a potion of magic
Miscellaneous
 G - a sack of spiders
Comestibles
 b - 26 rations


   Skills:
 + Level 15.4(15.1) Fighting
 * Level 20.2(20.0) Whips & Flails
 + Level 10.6(10.3) Armour
 - Level 2.0(1.8) Dodging
 - Level 1.1(0.9) Stealth
 - Level 1.0(0.8) Spellcasting


You had 17 spell levels left.
You didn't know any spells.
Your spell library contained the following spells:

 Spells                   Type           Power        Failure   Level  Hunger
 Flame Tongue             Fire           0 (30)       67%         1    ##.....
 Magic Candle             Hex/Fire       0 (90)       67%         1    ##.....
 Pain                     Hex/Necr       0 (25)       67%         1    ##.....
 Summon Butterflies       Summ           0 (100)      67%         1    ##.....
 Ensorcelled Hibernation  Hex/Ice        0 (50)       82%         2    ###....
 Blinding Spray           Hex/Pois       0 (50)       96%         3    ####...
 Call Canine Familiar     Summ           0 (100)      96%         3    ####...
 Confuse                  Hex            0 (100)      96%         3    ####...
 Ozocubu's Armour         Chrm/Ice       0 (100)      96%         3    ####...
 Pryten's Skeletal Upris  Chrm/Necr      0 (200)      96%         3    ####...
 Regeneration             Chrm/Necr      0 (200)      96%         3    ####...
 Tukima's Dance           Hex            0 (100)      96%         3    ####...
 Vampiric Draining        Necr           0 (200)      96%         3    ####...
 Animate Dead             Necr           N/A          100%        4    #####..
 Fulminant Prism          Hex            0 (200)      100%        4    #####..
 Summon Ice Beast         Ice/Summ       0 (100)      100%        4    #####..
 Summon Mana Viper        Summ/Pois      0 (100)      100%        5    ######.
 Summon Spider Mount      Summ/Pois      0 (200)      100%        5    ######.
 Bolt of Cold             Ice            0 (200)      100%        6    #######
 Simulacrum               Ice/Necr       0 (200)      100%        6    #######


Dungeon Overview and Level Annotations

Branches:
Dungeon (6/8)              Temple (1/1) D:4            Lair (6/6) D:5
 Shoals (0/4) Lair:2       Spider (1/4) Lair:4        Slime (0/5) Lair:5
    Orc (2/2) D:6             Elf (0/3) Orc:2

Altars:
Cheibriados
Dithmenos
Elyvilon
Fedhas Madash
Gozag Ym Sagoz
Hepliaklqana
Makhleb
Nemelex Xobeh
Okawaru
Qazlal
Ru
Sif Muna
Trog
Uskayaw
Vehumet
Xom
Yredelemnul
Zin
Beogh

Shops:
D:2 :=   D:5 [   D:6 *:*   Orc:1 *   Orc:2 =*}*


Innate Abilities, Weirdness & Mutations

You are resistant to torment.
Your stone body is resilient. (AC +12)
You are immune to poison.
Your large and strong wings let you fly indefinitely.
You resist negative energy. (rN+)
You are resistant to electric shocks. (rElec)
You can survive without breathing.
You are immune to petrification.
You are immune to rotting.


Message History

Things that are here:
a +0 battleaxe; a mummy corpse You thrash the mummy priest (21)!!
You burn the mummy priest (21)!! You sock the mummy priest (14)!
You freeze the mummy priest (2).
The mummy priest is almost destroyed. (13/71) HP The jiangshi disappears in a puff of smoke!
You block the necrophage's attack.
Uskayaw will force your foes to helplessly watch your dance.
Uskayaw prepares the audience for your solo!
The helpless mummy priest fails to defend itself.
You whack the mummy priest (9)! You burn the mummy priest (9)!
You destroy the mummy priest!
The necrophage disappears in a puff of smoke! x2
The phantasmal warrior disappears in a puff of smoke!
The mummy disappears in a puff of smoke!
The jiangshi disappears in a puff of smoke!
The wraith disappears in a puff of smoke!
You feel extremely nervous for a moment...
You convulse helplessly as pain tears through your body!
You die...

........#.........#..............
..................#..............
.........#.......................
................b...#.#..........
.........#.......................
.........#.......................
.........^....#....^...........#.
................§..........#.....
^..............#@§...^.....#....<
........#.....§)§§##.......#.....
................§§........###....
....^.............#.......####...
.......................#.^.# #.##
....#.......^.....#....#...# ###
.........#....#............##
....#..........##...........#
...†#.....#..........##...#.#


There were no monsters in sight!

Vanquished Creatures
  A tentacled starspawn (Abyss:3)
  2 thorn hunters (Abyss:3)
  Louise (Spider:1)
  An entropy weaver (Abyss:3)
  2 eidola (Lair:1)
  2 mummy priests (Spider:1)
  Harold (Lair:1)
  A merfolk avatar (Lair:6)
  A lorocyproca (Abyss:3)
  5 boulder beetles
  Erica (Orc:1)
  An ogre mage (Orc:1)
  Urug (Lair:4)
  A dire elephant (Lair:6)
  2 thrashing horrors (Abyss:3)
  An unseen horror (D:6)
  2 swooping magpies (Lair:6)
  A wretched star (Abyss:3)
  Sonja (Lair:4)
  Nergalle (D:5)
  6 two-headed ogres
  2 orc knights
  6 hydras
  2 centaur warriors (Orc:2)
  A sea snake (Lair:6)
  Pikel (D:4)
  7 death yaks
  3 orb spiders (Spider:1)
  10 giraffes
  A torpor snail (Lair:5)
  2 orc sorcerers (Orc:1)
  A salamander (Spider:1)
  A worldbinder (Abyss:3)
  An apocalypse crab (Abyss:3)
  An eye of devastation (Lair:5)
  2 small abominations (Abyss:3)
  7 black mambas
  15 spiny frogs
  Maggie (D:5)
  2 trolls (Orc:1)
  2 wolf spiders (Spider:1)
  3 rime drakes
  8 elephants
  A snapping turtle (Lair:2)
  11 komodo dragons
  8 polar bears
  An ancient zyme (Abyss:3)
  5 jumping spiders (Spider:1)
  6 demonic crawlers
  2 hornets (Lair:6)
  3 raiju (Abyss:3)
  14 dream sheep
  25 blink frogs
  A cyclops (D:6)
  2 wyverns (Lair:6)
  Eustachio (D:3)
  A catoblepas skeleton (Lair:1)
  6 basilisks
  4 tarantellas (Spider:1)
  21 yaks
  A vampire mosquito (D:6)
  A slime creature (D:2)
  A spark wasp zombie (Spider:1)
  6 redbacks
  2 guardian mummies (Spider:1)
  A warg (Orc:2)
  46 orc warriors
  2 wolf spider zombies
  2 phantoms (Lair:1)
  13 water moccasins
  15 porcupines
  4 scorpions
  A sky beast (D:5)
  4 black bears
  A sphinx moth zombie (Spider:1)
  3 ice beasts (D:5)
  6 ogres
  A moth of wrath zombie (Spider:1)
  2 eyes of draining
  17 crocodiles
  12 wolves
  6 big kobolds
  2 jumping spider zombies (Spider:1)
  Blork the orc (D:2)
  2 tarantella zombies (Spider:1)
  13 bullfrogs
  11 centaurs
  A gnoll sergeant (D:5)
  9 starcursed masses (Abyss:3)
  A spiny frog skeleton (Lair:1)
  A komodo dragon simulacrum (Lair:1)
  7 wights (D:5)
  2 hornet zombies
  2 electric eels (Lair:2)
  3 hounds
  A blink frog skeleton (Lair:1)
  18 orc priests
  13 jellies
  23 orc wizards
  3 iguanas
  5 hell rats (Lair:6)
  9 worker ants
  4 giant cockroaches
  12 gnolls
  3 bullfrog skeletons (D:4)
  14 adders
  42 sewer rats
  2 white imps (D:4)
  A porcupine simulacrum (Lair:1)
  4 cinder newts
  2 worms (D:2)
  A hound zombie (D:5)
  A worker ant zombie (D:5)
  A hound skeleton (D:3)
  2 oozes
  2 dart slugs (D:1)
  6 leopard geckos
  87 orcs
  An adder skeleton (D:3)
  4 ball pythons
  3 goblins (D:1)
  2 hobgoblins (D:1)
  2 jackals (D:2)
  5 quokkas
  6 bats
  2 bat skeletons (D:2)
  35 kobolds
  A kobold skeleton (D:2)
  2 rats
  3 briar patches (Abyss:3)
  2 giant blowflies (D:2)
  2 withered plants (D:2)
754 creatures vanquished.

Vanquished Creatures (others)
  A jumping spider (Spider:1)
  A water moccasin (Lair:5)
  A bush (Lair:6)
  A butterfly (Lair:5)
  A fungus (Lair:3)
  A giant blowfly (Lair:6)
  A lurking horror (Abyss:3)
  20 plants
  2 starspawn tentacles (Abyss:3)
  132 withered plants (D:2)
161 creatures vanquished.

Grand Total: 915 creatures vanquished

Notes
Turn   | Place    | Note
-------+----------+-------------------------------------------
     0 | Start Ma | esc the Gargoyle Noble began the quest for the Orb.
     0 | Start Ma | Reached XP level 1. HP: 12/12 MP: 2/2
     0 | Start Ma | Found Desy's Expert Tomes.
     4 | Start Ma | Found Riutigg's Auxillary Armour.
    12 | Start Ma | Found Xeit's Mashing MeleeMart.
    29 | Start Ma | Bought a +0 demon whip for 600 gold pieces
    43 | Start Ma | Bought a +0 nunchaku for 378 gold pieces
    67 | D:1      | esc set off with the following items: a +0 robe, a ration,
                  | a +0 demon whip, a +0 nunchaku
    99 | D:1      | Reached skill level 1 in Whips & Flails
    99 | D:1      | Reached XP level 2. HP: 16/16 MP: 3/3
   205 | D:1      | Reached skill level 2 in Whips & Flails
   309 | D:1      | Reached XP level 3. HP: 20/20 MP: 4/4
   355 | D:1      | Reached skill level 3 in Whips & Flails
   704 | D:2      | Reached XP level 4. HP: 22/25 MP: 5/5
   715 | D:2      | Found an opulent altar of Gozag.
   778 | D:2      | Noticed Blork the orc
   857 | D:1      | Reached skill level 4 in Whips & Flails
   974 | D:2      | Reached XP level 5. HP: 24/29 MP: 6/6
  1103 | D:2      | Reached skill level 5 in Whips & Flails
  1111 | D:2      | Reached XP level 6. HP: 30/35 MP: 7/7
  1174 | D:2      | Reached skill level 6 in Whips & Flails
  1239 | D:2      | Found Toarey's Jewellery Emporium.
  1268 | D:2      | Reached XP level 7. HP: 40/40 MP: 8/8
  1313 | D:2      | Found a faded altar of an unknown god.
  1321 | D:2      | Reached skill level 7 in Whips & Flails
  1347 | D:2      | Reached skill level 1 in Armour
  1690 | D:2      | Reached skill level 8 in Whips & Flails
  1769 | D:2      | Found Nourch's Book Boutique.
  1861 | D:2      | Reached XP level 8. HP: 41/45 MP: 9/9
  1900 | D:2      | Found a white marble altar of Elyvilon.
  2104 | D:2      | Reached skill level 9 in Whips & Flails
  2283 | D:2      | Killed Blork the orc
  2370 | D:2      | Reached skill level 1 in Dodging
  3023 | D:3      | Reached skill level 10 in Whips & Flails
  3023 | D:3      | Reached XP level 9. HP: 41/52 MP: 10/10
  3049 | D:3      | Noticed Eustachio
  3064 | D:3      | Killed Eustachio
  3548 | D:4      | Identified the cursed amulet "Rattat" {Harm *Drain rN++,
                  | (Curse: Fragile)}
  3678 | D:4      | Reached skill level 11 in Whips & Flails
  3972 | D:4      | Noticed Pikel
  4000 | D:4      | Killed Pikel
  4000 | D:4      | Reached skill level 5 in Fighting
  4000 | D:4      | Reached XP level 10. HP: 56/59 MP: 11/11
  4040 | D:4      | Reached skill level 12 in Whips & Flails
  4100 | D:4      | Found a staircase to the Ecumenical Temple.
  4299 | D:5      | Entered Level 5 of the Dungeon
  4390 | Temple   | Entered the Ecumenical Temple
  4560 | Temple   | Became a worshipper of Uskayaw the Reveler
  4664 | D:5      | Reached * piety under Uskayaw
  4669 | D:5      | Reached ** piety under Uskayaw
  4671 | D:5      | Reached *** piety under Uskayaw
  4761 | D:5      | Identified the +0 long sword of Wu Jian's Vengeance
                  | {freeze, *Contam Int+5 Stlth+}
  4788 | D:5      | Noticed Nergalle
  4804 | D:5      | Killed Nergalle
  5081 | D:5      | Reached skill level 13 in Whips & Flails
  5143 | D:5      | Found Cokkonat's Antique Armour Boutique.
  5146 | D:5      | Bought a polished leather armour for 196 gold pieces
  5146 | D:5      | Identified the +1 leather armour "Ovayh" {rPois rCorr} (You
                  | bought it in a shop on level 5 of the Dungeon)
  5236 | D:5      | Found a staircase to the Lair.
  5237 | D:5      | Noticed Maggie
  5248 | D:5      | Killed Maggie
  5295 | D:5      | Reached **** piety under Uskayaw
  5468 | Lair:1   | Entered Level 1 of the Lair of Beasts
  5490 | Lair:1   | Reached XP level 11. HP: 66/66 MP: 12/12
  5498 | Lair:1   | Reached skill level 5 in Armour
  5519 | Lair:1   | Reached ***** piety under Uskayaw
  5626 | Lair:1   | Reached skill level 14 in Whips & Flails
  5635 | Lair:1   | Identified the Disquisition on the Blaze
  5651 | Lair:1   | Found a runed translucent gate.
  5651 | Lair:1   | Found a runed translucent gate.
  5651 | Lair:1   | Found a runed translucent gate.
  5653 | Lair:1   | Noticed an eidolon
  5654 | Lair:1   | Noticed an eidolon
  5856 | Lair:1   | Noticed Harold
  5869 | Lair:1   | Killed Harold
  6258 | Lair:1   | Killed an eidolon
  6258 | Lair:1   | Reached skill level 15 in Whips & Flails
  6258 | Lair:1   | Reached XP level 12. HP: 62/76 MP: 13/13
  6271 | Lair:1   | Killed an eidolon
  6319 | Lair:2   | Reached skill level 10 in Fighting
  6411 | Lair:2   | Found a staircase to the Shoals.
  6836 | Lair:2   | Reached skill level 16 in Whips & Flails
  7371 | Lair:3   | Noticed a boulder beetle
  7382 | Lair:3   | Killed a boulder beetle
  7382 | Lair:3   | Reached XP level 13. HP: 84/84 MP: 14/14
  7991 | Lair:4   | Found a hole to the Spider Nest.
  8195 | Lair:4   | Noticed Sonja
  8331 | Lair:4   | Identified the cursed amulet "Syuzet" {RegenMP rF+ Slay+3
                  | +Vis, (Curse: Fragile rC-)}
  8331 | Lair:4   | Noticed Urug
  8341 | Lair:4   | Killed Urug
  8497 | Lair:4   | Reached skill level 17 in Whips & Flails
  8699 | Lair:4   | Killed Sonja
  9264 | Lair:5   | Gained mutation: Your large and strong wings let you fly
                  | indefinitely. [Gargoyle growth]
  9264 | Lair:5   | Reached XP level 14. HP: 68/94 MP: 15/15
  9385 | Lair:5   | Found a staircase to the Slime Pits.
  9958 | Lair:6   | Entered Level 6 of the Lair of Beasts
  9975 | Lair:6   | Reached skill level 18 in Whips & Flails
  9981 | Lair:6   | Reached ****** piety under Uskayaw
 10233 | Lair:6   | Identified the +3 long sword "Newtslayer" {slice, rF++}
 11094 | D:6      | Found Miorameq's Book Shoppe.
 11273 | D:6      | Found Upofiupp's Assorted Antiques.
 11280 | D:6      | Bought a jewelled scale mail for 216 gold pieces
 11280 | D:6      | Identified the +6 scale mail "Kustre" {-Tele +Fly rPois
                  | rC-} (You bought it in a shop on level 6 of the Dungeon)
 11306 | D:6      | Found a hazy altar of Hepliaklqana.
 11575 | D:6      | Found Duppetus's Assorted Antiques.
 11774 | D:6      | Found a staircase to the Orcish Mines.
 11786 | Orc:1    | Entered Level 1 of the Orcish Mines
 11883 | Orc:2    | Entered Level 2 of the Orcish Mines
 11954 | Orc:2    | Reached XP level 15. HP: 81/100 MP: 16/16
 11997 | Orc:2    | Found a roughly hewn altar of Beogh.
 12036 | Orc:1    | Identified the cursed amulet of Heyrrus {Faith +Blink rN+
                  | MR+, (Curse: Fragile)}
 12218 | Orc:2    | Found a staircase to the Elven Halls.
 12289 | Orc:2    | Reached skill level 19 in Whips & Flails
 12534 | Orc:1    | Noticed Erica
 12538 | Orc:1    | Killed Erica
 12673 | Orc:1    | Found Gucasigu's Assorted Antiques.
 12951 | Orc:2    | Identified the cursed ring of Xom's Capriciousness {MR+
                  | Str+3 Int+5 +Vis, (Curse: Fragile)}
 13100 | Orc:2    | Found Kukhlol's Gadget Boutique.
 13100 | Orc:2    | Found Xecyutud's Assorted Antiques.
 13102 | Orc:2    | Found Egykh's Jewellery Emporium.
 13104 | Orc:2    | Found Nosouc's Assorted Antiques.
 13116 | Orc:2    | Bought a spiked chain mail for 247 gold pieces
 13116 | Orc:2    | Identified the +3 chain mail of the Pink Corner {+Inv
                  | rCorr} (You bought it in a shop on level 2 of the Orcish
                  | Mines)
 13116 | Orc:2    | Bought a scroll labeled NICHOS ODUAHUS for 26 gold pieces
 13129 | Orc:2    | Bought a potion of heal wounds for 125 gold pieces
 13223 | Orc:1    | Bought a scroll of enchantment for 180 gold pieces
 13223 | Orc:1    | Bought a scroll of blinking for 180 gold pieces
 13484 | Spider:1 | Entered Level 1 of the Spider Nest
 13770 | Spider:1 | Reached skill level 10 in Armour
 13802 | Spider:1 | Noticed Louise
 13812 | Spider:1 | Cast into level 3 of the Abyss (Louise)
 13813 | Abyss:3  | Found a corrupted altar of Lugonu.
 13829 | Abyss:3  | Found a corrupted altar of Lugonu.
 13879 | Abyss:3  | Noticed a tentacled starspawn
 13887 | Abyss:3  | Killed a tentacled starspawn
 13887 | Abyss:3  | Reached skill level 15 in Fighting
 13891 | Abyss:3  | Noticed a thorn hunter
 13898 | Abyss:3  | Killed a thorn hunter
 13930 | Abyss:3  | Noticed a thorn hunter
 13939 | Abyss:3  | Killed a thorn hunter
 13939 | Abyss:3  | Reached skill level 20 in Whips & Flails
 13949 | Abyss:3  | Got an abyssal rune of Zot
 13967 | Spider:1 | Escaped the Abyss
 13982 | Spider:1 | Killed Louise
 14177 | Spider:1 | Reached XP level 16. HP: 103/108 MP: 17/17
 14457 | Spider:1 | Killed by a mummy priest's death curse

Levels and vault maps discovered:
D:1:      dpeg_arrival_windows_large_door, layout_rooms, glass_columns_a,
          minivault_11, minmay_heptomino_o4
D:2:      layout_sewer, elyvilon_niche, serial_shops, shop,
          kennysheep_mini_moat, chequers_ecumenical_altar_island,
          grunt_gozag_breadcrumbs, uniq_blork_the_orc
D:3:      layout_loops_corners, first_ration, uniq_eustachio
D:4:      layout_stronghold, minmay_temple_entry_nine_rooms, uniq_pikel
D:5:      layout_gridville, lair_entry_dummy, serial_shops,
          nicolae_shop_behind_doors, uniq_nergalle, uniq_maggie
D:6:      layout_loops_corners, lemuel_doored_altar, david_orc_4, serial_shops,
          shop, nicolae_shop_overgrown_old_shop, shop
Temple:   kb_temple_of_zot
Lair:1:   miniossuary_kennysheep_ghosthouse, layout_big_grid, uniq_harold
Lair:2:   layout_long_grid, minmay_shoals_entry_hut, grunt_megastairs_5
Lair:3:   layout_cave_shapes
Lair:4:   layout_cave_pods, spider_nest_entry_rubble, lemuel_fruit_fields,
          grunt_megastairs_4, uniq_sonja, uniq_urug
Lair:5:   layout_cave_pods, minmay_slime_entry_eyes, grunt_megastairs_3,
          lemuel_fruit_fields
Lair:6:   gammafunk_lair_ancient_temple, layout_gridlike, uniq_rupert
Spider:1: ossuary_tomb_3, uniq_louise
Orc:1:    layout_diamond_mine, serial_shops, shop, uniq_erica
Orc:2:    st_orc_rangers, layout_diamond_mine, basic_altar

Skill      XL: |  1  2  3  4  5  6  7  8  9 10 11 12 13 14 15 |
---------------+----------------------------------------------+-----
Whips & Flails | 1 2 3 4 5 6 8 10 11 13 15 16 17 18 20 | 20.2
Fighting       | 2 3 5 6 9 11 13 14 15 | 15.4
Armour         | 1 2 3 4 6 8 9 10 | 10.6
Dodging        | 1 2 |  2.0
Stealth        | |  1.1
Spellcasting   | |  1.0

Action                   |  1- 3 |  4- 6 |  7- 9 | 10-12 | 13-15 | 16-18 || total
-------------------------+-------+-------+-------+-------+-------+-------++-------
Melee: Demon whip        |    21 |    61 |   233 |   239 |   537 |    31 ||  1122
       Nunchaku          |    14 |    37 |   157 |   194 |   313 |    23 ||   738
       Unarmed           |       |       |       |    25 |       |       ||    25
Throw: Skull             |     5 |       |       |       |    17 |       ||    22
       Stone             |     2 |     1 |     1 |       |    26 |       ||    30
       Bone              |     1 |       |     1 |       |    17 |       ||    19
       Rusty metal       |     1 |       |     1 |       |    14 |       ||    16
       Gnarled root      |       |       |       |       |     3 |       ||     3
Invok: Stomp             |       |       |       |     2 |       |       ||     2
Evoke: Wand              |       |       |       |       |    27 |       ||    27
       Sack of spiders   |       |       |       |       |     1 |       ||     1
  Use: Potion            |       |       |     1 |     1 |     4 |       ||     6
       Scroll            |       |       |       |     1 |    10 |       ||    11
 Stab: Sleeping          |     1 |       |       |       |       |       ||     1
       Paralysed         |       |       |       |    20 |    66 |     3 ||    89
       Distracted        |       |       |       |       |     1 |       ||     1
  Eat: Chunk             |       |     1 |    10 |    10 |    21 |     1 ||    43
       Ration            |       |       |       |       |     1 |       ||     1
Armor: Robe              |     8 |       |       |       |       |       ||     8
       Ring mail         |       |    23 |    66 |    36 |       |       ||   125
       Acid dragon scale |       |       |       |    83 |       |       ||    83
       Plate armour      |       |       |       |       |   233 |       ||   233
       Chain mail        |       |       |       |       |    57 |    16 ||    73
Dodge: Dodged            |    12 |    15 |    68 |    69 |    73 |     2 ||   239
Block: Nunchaku          |     3 |     3 |    42 |    73 |   166 |     8 ||   295
